AoeStats
← 止春山

Arena

509504518Analyzed
4v4 RM · 4d ago on Sep 27, 2026· 55m 7s· 8 players
Game mode
Random Map
Map size
Large (8 player)
Population
200
Speed
Normal
Resources
Standard
Victory
Conquest
Starting age
Dark Age
Ending age
Imperial Age
RankedLock teamsTeams togetherTeam positionsShared explorationLock speedFull tech treeHidden civsTurbo modeCheats
Victory
Defeat
🇨🇳 Danes · China
694
+12
🇪🇸 Cumans · Spain
648
+14
🇳🇨 Burgundians · New Caledonia
629
+15
🇪🇸 Romans · Spain
512
+21
🇺🇸 Persians · United States
645
-17
🇨🇳 Inca · China
634
-17
🇺🇸 Malay · United States
585
-14
🇵🇦 Spanish · Panama
570
-14
K1NGlogman
6:43 Loom
11:47 Feudal Age
15:16 Double-Bit Axe
17:39 Horse Collar
23:45 Castle Age
22:23 Wheelbarrow
23:40 Stone Mining
25:40 Bow Saw
24:55 Pikeman
25:36 Squires
25:22 Arson
25:56 Forging
25:52 Scale Barding Armor
25:55 Padded Archer Armor
27:46 Man-at-Arms
29:27 Long Swordsman
29:52 Elite Skirmisher
31:33 Gold Mining
31:40 Stone Mining
32:59 Thumb Ring
36:00 Imperial Age
36:17 Conscription
36:15 Heavy Plow
36:16 Halberdier
38:47 Forced Levy
38:15 Two-Handed Swordsman
39:38 Crop Rotation
43:54 Iron Casting
48:20 Blast Furnace
aki2192
12:45 Feudal Age
13:09 Double-Bit Axe
20:08 Castle Age
18:15 Horse Collar
24:19 Wheelbarrow
26:51 Bow Saw
28:07 Man-at-Arms
28:34 Gambesons
30:50 Hand Cart
30:41 Heavy Plow
38:47 Imperial Age
36:16 Gold Mining
36:17 Stone Mining
38:38 Onager
止春山
12:21 Feudal Age
15:11 Horse Collar
15:20 Double-Bit Axe
15:59 Gold Mining
16:02 Stone Mining
16:01 Champi Runner
17:40 Arson
19:22 Wheelbarrow
22:58 Castle Age
24:53 Squires
28:05 Hand Cart
27:48 Pikeman
28:51 Bow Saw
28:44 Heavy Plow
29:02 Champi Warrior
32:01 Gold Shaft Mining
32:05 Stone Shaft Mining
38:30 Imperial Age
40:06 Ballistics
40:46 Chemistry
40:19 Crop Rotation
42:32 Halberdier
42:32 Elite Champi Warrior
[@51]ErgoProxy
1:23 Loom
11:18 Feudal Age
11:44 Horse Collar
11:52 Double-Bit Axe
11:55 Town Watch
12:09 Gold Mining
15:50 Wheelbarrow
17:46 Man-at-Arms
18:35 Stone Mining
23:36 Castle Age
22:30 Forging
22:23 Scale Mail Armor
23:37 Padded Archer Armor
24:30 Bow Saw
24:23 Heavy Plow
25:16 Town Patrol
27:30 Pikeman
27:34 Elite Skirmisher
28:57 Iron Casting
29:47 Hand Cart
29:54 Leather Archer Armor
30:05 Squires
29:51 Gambesons
36:07 Imperial Age
33:43 Fletching
35:19 Husbandry
35:30 Bloodlines
36:27 Chain Mail Armor
40:00 Halberdier
40:27 Arson
41:54 Stone Shaft Mining
42:27 Two-Man Saw
43:03 Blast Furnace
42:35 Ring Archer Armor
46:03 Long Swordsman
47:30 Plate Mail Armor
49:03 Chemistry
53:34 Two-Handed Swordsman
Gentle Psycho
11:18 Feudal Age
15:30 Double-Bit Axe
18:10 Horse Collar
24:19 Castle Age
25:13 Stone Mining
25:15 Gold Mining
26:03 Pikeman
29:16 Bow Saw
42:07 Imperial Age
40:18 Heavy Plow
41:01 Loom
41:52 Wheelbarrow
41:02 Town Watch
41:58 Gold Shaft Mining
41:48 Ballistics
41:18 Heated Shot
41:24 Murder Holes
41:40 Masonry
43:41 Hand Cart
43:26 Town Patrol
44:35 Chemistry
43:15 Elite Kipchak
43:35 Halberdier
43:36 Man-at-Arms
52:59 Town Patrol
John Lemon
6:59 Loom
11:00 Feudal Age
12:32 Wheelbarrow
12:44 Double-Bit Axe
15:28 Man-at-Arms
16:16 Town Watch
16:30 Horse Collar
17:42 Forging
17:35 Scale Mail Armor
24:02 Castle Age
25:21 Hand Cart
25:07 Town Patrol
25:38 Squires
26:40 Pikeman
26:40 Long Swordsman
30:24 Elite Skirmisher
38:46 Caravan
44:13 Padded Archer Armor
47:36 Iron Casting
47:16 Chain Mail Armor
47:17 Leather Archer Armor
46:53 Fletching
54:44 Heavy Plow
54:56 Bow Saw
54:39 Stone Mining
n00b
11:04 Feudal Age
15:01 Castle Age
13:02 Double-Bit Axe
13:00 Horse Collar
16:40 Bow Saw
21:22 Wheelbarrow
22:46 Heavy Plow
24:47 Gold Mining
24:47 Stone Mining
25:18 Hand Cart
28:38 Gold Shaft Mining
28:38 Stone Shaft Mining
28:21 Scale Mail Armor
28:31 Forging
31:14 Imperial Age
29:38 Chain Mail Armor
32:24 Iron Casting
32:20 Conscription
31:23 Elite Jomsviking
31:24 Hamask
33:37 Plate Mail Armor
34:07 Blast Furnace
33:55 Hoardings
34:58 Town Watch
34:59 Loom
55:04 Padded Archer Armor
54:54 Fletching
55:02 Murder Holes
55:19 Masonry
La_starlette_du988
6:22 Wheelbarrow
7:45 Loom
9:34 Double-Bit Axe
13:06 Feudal Age
12:12 Stone Mining
12:27 Gold Mining
12:28 Horse Collar
13:38 Town Watch
14:15 Bow Saw
15:11 Heavy Plow
18:15 Stone Shaft Mining
19:37 Gold Shaft Mining
19:45 Hand Cart
24:34 Castle Age
25:57 Town Patrol
27:11 Two-Man Saw
26:45 Crop Rotation
29:54 Fletching
30:14 Forging
30:05 Scale Mail Armor
29:33 Man-at-Arms
29:33 Pikeman
30:14 Squires
29:59 Arson
30:27 Fortified Wall
30:08 Guard Tower
34:04 Imperial Age
32:14 Bodkin Arrow
31:43 Long Swordsman
34:39 Murder Holes
34:55 Masonry
36:16 Two-Handed Swordsman
36:17 Halberdier
37:00 Bracer
37:36 Iron Casting
37:16 Chain Mail Armor
37:35 Architecture
36:49 Treadmill Crane
39:38 Conscription
39:44 Champion
41:37 Arrowslits
42:25 Plate Mail Armor
42:56 Blast Furnace
43:22 Coinage
42:53 Caravan
43:04 Guilds
44:19 Hoardings
45:15 Chemistry
44:41 Ballistics
49:33 Bombard Tower
49:49 Keep
49:19 Padded Archer Armor
49:56 Banking
Connection lost

Rejoining the realm…

Still unreachable

The connection could not be restored.

Session expired

The server has moved on; the page needs a fresh start.